 Dungeon Crawl Stone Soup version 0.23.1 (webtiles) character file.

Game seed: 0

12238 DimondSprtn the Nimble (level 11, -5/89 HPs)
             Began as a Merfolk Transmuter on Mar 6, 2019.
             Was a High Priest of Makhleb.
             Slain by a manticore (7 damage)
             ... on level 11 of the Dungeon on Mar 7, 2019.
             The game lasted 00:51:28 (15007 turns).

DimondSprtn the Nimble (Merfolk Transmuter)        Turns: 15007, Time: 00:51:28

Health: -5/89      AC:  2    Str: 10    XL:     11   Next: 90%
Magic:  0/19       EV: 34    Int: 13    God:    Makhleb [*****.]
Gold:   540        SH:  0    Dex: 26    Spells: 10/21 levels left

rFire    . . .     SeeInvis .     - Unarmed
rCold    . . .     Gourm    .   (shield currently unavailable)
rNeg     . . .     Faith    .   (armour currently unavailable)
rPois    x         Spirit   +   (helmet currently unavailable)
rElec    .         Reflect  .   (cloak currently unavailable)
rCorr    +         Harm     .   (gloves currently unavailable)
MR       .....                  (boots currently unavailable)
Stlth    ++........             F - amulet of guardian spirit
HPRegen  0.24/turn              l - ring of resist corrosion
MPRegen  0.16/turn              O - +3 ring of dexterity

@: spider-form, barbed spikes
A: tiny, (change form in water), (swift swim), (stealthy swim)
a: End Transformation, Minor Destruction, Lesser Servant of Makhleb, Major
Destruction, Greater Servant of Makhleb, Renounce Religion


You were on level 11 of the Dungeon.
You worshipped Makhleb.
Makhleb was extremely pleased with you.
You were not hungry.
You were a venomous arachnid creature.
You visited 2 branches of the dungeon, and saw 12 of its levels.

You collected 648 gold pieces.
You spent 108 gold pieces at shops.

Inventory:

Missiles
 a - 241 arrows
Armour
 k - a +1 pair of gloves (melded)
 J - +0 steam dragon scales (melded)
Jewellery
 l - a ring of resist corrosion (left front leg)
 F - an amulet of guardian spirit (around neck)
 O - a +3 ring of dexterity (right front leg)
Wands
 b - a wand of enslavement (7)
 h - a wand of digging (4)
 j - a wand of iceblast (11)
 o - a wand of polymorph (7)
 x - a wand of acid (16)
 y - a wand of clouds (4)
 L - a wand of disintegration (13)
Scrolls
 c - 2 scrolls of noise {unknown}
 e - 7 scrolls of remove curse
 f - 2 scrolls of enchant armour
 m - 2 scrolls of amnesia {unknown}
 q - a scroll of magic mapping {unknown}
 r - a scroll of random uselessness {unknown}
 u - 5 scrolls of teleportation
 w - 2 scrolls of immolation
 B - a scroll of silence {unknown}
 C - 2 scrolls of enchant weapon
 D - a scroll of brand weapon {unknown}
 G - 2 scrolls of fear
 I - a scroll of identify
 M - a scroll of blinking {unknown}
 P - a scroll of fog {unknown}
Potions
 g - 3 potions of mutation
 i - a potion of might
 n - a potion of degeneration {unknown}
 p - 2 potions of magic
 s - 2 potions of brilliance
 t - 2 potions of flight {unknown}
 v - a potion of ambrosia {unknown}
 z - 2 potions of haste
 A - a potion of invisibility
 H - 5 potions of curing
 K - a potion of lignification {unknown}
Comestibles
 d - 37 rations
 N - 3 chunks of flesh


   Skills:
 * Level 9.3 Fighting
 * Level 11.2 Dodging
 * Level 9.9 Unarmed Combat
 + Level 5.9 Spellcasting
 * Level 11.2 Transmutations
 + Level 5.2 Invocations


You had 10 spell levels left.
You knew the following spells:

 Your Spells              Type           Power        Failure   Level  Hunger
a - Beastly Appendage     Tmut           ####..       2%          1    None
b - Sticks to Snakes      Tmut           ####....     2%          2    ##.....
c - Spider Form           Tmut/Pois      ###.......   14%         3    ###....
d - Blade Hands           Tmut           ####......   14%         5    ######.

Your spell library contained the following spells:

 Spells                   Type           Power        Failure   Level  Hunger
 Animate Skeleton         Necr           N/A          36%         1    None
 Apportation              Tloc           #.....       36%         1    None
 Confusing Touch          Hex            #.....       36%         1    None
 Summon Small Mammal      Summ           #...         36%         1    None
 Ice Form                 Ice/Tmut       ###.....     36%         4    ####...


Dungeon Overview and Level Annotations

Branches:
Dungeon (11/15)            Temple (1/1) D:4            Lair (0/6) D:9
    Orc: D:9-12

Altars:
Ashenzari
Dithmenos
Elyvilon
Fedhas
Gozag
Hepliaklqana
Kikubaaqudgha
Makhleb
Nemelex Xobeh
Okawaru
Ru
Sif Muna
Uskayaw
Vehumet
Wu Jian
Xom
Yredelemnul
Zin
The Shining One

Shops:
D:6 %   D:7 ?*}%*   D:9 (

Portals:
Gauntlet: D:11


Innate Abilities, Weirdness & Mutations

((You revert to your normal form in water))
((You are very nimble and swift while swimming.))
((You are very stealthy in the water. (Stealth+)))
((Your flesh is heat resistant. (rF+)))
((You are resistant to electric shocks. (rElec)))


Message History

The manticore looks as sick as possible!
The manticore is moderately wounded.
The manticore completely misses you. x2; The manticore claws you!
* * * LOW HITPOINT WARNING * * *
You bite the manticore!
The manticore looks as sick as possible!
The manticore is heavily wounded.
The manticore barely misses you. x2; The manticore misses you.
You bite the manticore!
The manticore looks as sick as possible!
The manticore is severely wounded.
You hit the manticore.
The manticore looks as sick as possible!
The manticore is severely wounded.
The manticore bites you.
* * * LOW HITPOINT WARNING * * *
The manticore claws you.
* * * LOW HITPOINT WARNING * * *
The manticore claws you!
You die...

#..........#####...#
#.........# ##.##
#........## ###
#........#
#..####### #..# #..#
#..########
#+.sH......
#.........
#.........
#.........
#.........
#...∩....#
#.......## #.......#


You could see a manticore.

Vanquished Creatures
  A two-headed ogre (D:10)
  2 unseen horrors (D:11)
  Pikel (D:4)
  2 trolls
  A hornet (D:9)
  Prince Ribbit (D:5)
  Sigmund (D:2)
  A wyvern (D:9)
  Eustachio (D:3)
  3 wraiths
  5 yaks (D:11)
  3 hungry ghosts
  A steam dragon (D:8)
  Menkaure (D:5)
  Edmund (D:5)
  A water moccasin (D:11)
  2 acid dragons (D:11)
  Duvessa (D:5)
  3 porcupines (D:9)
  6 orc warriors
  2 eyes of draining (D:9)
  An ice beast (D:5)
  3 black bears
  A necrophage (D:11)
  3 phantoms
  8 ogres
  7 centaurs
  4 bullfrogs
  Dowan (D:5)
  6 scorpions
  3 killer bees
  4 wights
  7 crimson imps
  3 centaur zombies
  5 hounds
  13 orc wizards
  5 human zombies (D:7)
  11 orc priests
  3 bullfrog skeletons
  A human skeleton (D:7)
  3 jellies
  6 iguanas
  Ijyb (D:4)
  Natasha (thrice) (D:4)
  9 worker ants
  An ogre zombie (D:7)
  A hound skeleton (D:7)
  A howler monkey zombie (D:5)
  A mummy (D:7)
  A worker ant zombie (D:6)
  A howler monkey skeleton (D:10)
  14 gnolls
  10 adders
  3 shadow imps
  An ooze (D:2)
  An adder skeleton (D:9)
  An adder zombie (D:10)
  2 worms
  2 dart slugs
  6 leopard geckos
  47 orcs
  4 ball pythons
  12 giant cockroaches
  12 goblins
  15 hobgoblins
  12 jackals
  6 quokkas
  18 bats
  4 frilled lizards
  13 kobolds
  An orc zombie (D:7)
  3 rats
344 creatures vanquished.

Vanquished Creatures (collateral kills)
  An ogre (D:7)
  An ooze (D:7)
  A goblin (D:1)
  A hobgoblin (D:1)
  A frilled lizard (D:5)
  A rat (D:2)
6 creatures vanquished.

Vanquished Creatures (others)
  A slave (D:4)
  A leopard gecko (D:4)
  4 fungi (D:9)
6 creatures vanquished.

Grand Total: 356 creatures vanquished

Notes
Turn   | Place    | Note
-------+----------+-------------------------------------------
     0 | D:1      | DimondSprtn the Merfolk Transmuter began the quest for the
                  | Orb.
     0 | D:1      | Reached XP level 1. HP: 15/15 MP: 3/3
   361 | D:1      | Reached XP level 2. HP: 21/21 MP: 3/5
   382 | D:1      | Learned a level 2 spell: Sticks to Snakes
   782 | D:1      | Reached XP level 3. HP: 15/27 MP: 2/6
  1256 | D:2      | Learned a level 3 spell: Spider Form
  1486 | D:2      | Reached XP level 4. HP: 18/33 MP: 5/7
  1679 | D:2      | Noticed Sigmund
  1954 | D:2      | Killed Sigmund
  1954 | D:2      | Reached XP level 5. HP: 18/41 MP: 5/8
  1954 | D:2      | Reached XP level 6. HP: 21/47 MP: 5/9
  2304 | D:2      | Found a deep blue altar of Sif Muna.
  3104 | D:3      | Found a hazy altar of Hepliaklqana.
  4303 | D:4      | Noticed Eustachio
  4497 | D:4      | Noticed Pikel
  4500 | D:4      | Noticed a slave
  4507 | D:3      | Killed Eustachio
  4507 | D:3      | Reached skill level 5 in Dodging
  4507 | D:3      | Reached skill level 5 in Unarmed Combat
  4507 | D:3      | Reached skill level 5 in Transmutations
  4507 | D:3      | Reached XP level 7. HP: 20/53 MP: 9/11
  4715 | D:4      | Killed Pikel
  4715 | D:4      | Reached XP level 8. HP: 17/61 MP: 8/13
  5061 | D:4      | Noticed Ijyb
  5073 | D:4      | Killed Ijyb
  5218 | D:4      | Reached skill level 5 in Fighting
  5310 | D:4      | Learned a level 5 spell: Blade Hands
  5390 | D:4      | Noticed Natasha
  5396 | D:4      | Killed Natasha
  5498 | D:4      | Noticed Natasha
  5509 | D:4      | Killed Natasha
  5660 | D:4      | Noticed Natasha
  5668 | D:4      | Killed Natasha
  5881 | D:4      | Found a staircase to the Ecumenical Temple.
  5940 | Temple   | Entered the Ecumenical Temple
  6106 | Temple   | Became a worshipper of Makhleb the Destroyer
  6518 | D:5      | Entered Level 5 of the Dungeon
  6544 | D:5      | Reached skill level 1 in Invocations
  6544 | D:5      | Reached XP level 9. HP: 16/69 MP: 9/14
  6918 | D:5      | Found a white marble altar of Elyvilon.
  6984 | D:5      | Noticed Duvessa
  6985 | D:5      | Noticed Dowan
  6991 | D:5      | Noticed Edmund
  7189 | D:5      | Killed Duvessa
  7198 | D:5      | Killed Dowan
  7528 | D:5      | Noticed Menkaure
  7695 | D:5      | Killed Menkaure
  7843 | D:5      | Killed Edmund
  7843 | D:5      | Reached * piety under Makhleb
  8980 | D:5      | Found an iron altar of Okawaru.
  9113 | D:6      | Reached ** piety under Makhleb
  9312 | D:6      | Noticed Prince Ribbit
  9313 | D:6      | Noticed a troll
  9590 | D:5      | Gained mutation: You are resistant to electric shocks.
                  | (rElec) [potion of mutation]
  9590 | D:5      | Gained mutation: Your flesh is heat resistant. (rF+)
                  | [potion of mutation]
  9600 | D:5      | Killed a troll
  9600 | D:5      | Reached XP level 10. HP: 23/79 MP: 11/16
  9855 | D:5      | Killed Prince Ribbit
 10447 | D:6      | Found Suruhain's Food Emporium.
 10500 | D:7      | Found Kulek's General Store.
 10513 | D:7      | Found Letezef's Gadget Emporium.
 10567 | D:7      | Bought a scroll of identify for 28 gold pieces
 10567 | D:7      | Bought a scroll of identify for 28 gold pieces
 10569 | D:7      | Found Haenkek's Magic Scroll Shop.
 10688 | D:7      | Bought a scroll of fear for 52 gold pieces
 11114 | D:7      | Found a basalt altar of Yredelemnul.
 11140 | D:7      | Reached *** piety under Makhleb
 11151 | D:7      | Reached skill level 5 in Spellcasting
 11264 | D:7      | Found Zodeubba's General Store.
 11411 | D:7      | Found Jaaw's Food Boutique.
 12078 | D:8      | Reached **** piety under Makhleb
 12124 | D:8      | Found a glowing golden altar of the Shining One.
 12334 | D:9      | Found Ynaur's Antique Weapon Shoppe.
 12466 | D:8      | Reached skill level 10 in Dodging
 12661 | D:9      | Reached skill level 10 in Transmutations
 12707 | D:9      | Reached XP level 11. HP: 86/86 MP: 14/18
 13126 | D:9      | Found a staircase to the Lair.
 13414 | D:9      | Found a radiant altar of Vehumet.
 13626 | D:10     | Entered Level 10 of the Dungeon
 13906 | D:10     | Noticed a two-headed ogre
 13915 | D:10     | Killed a two-headed ogre
 14539 | D:11     | Killed an unseen horror
 14648 | D:11     | Reached ***** piety under Makhleb
 14791 | D:11     | Reached skill level 5 in Invocations
 14824 | D:11     | Killed an unseen horror
 14991 | D:11     | Found a gate leading to a gauntlet.
 14992 | D:11     | Noticed a manticore
 15007 | D:11     | HP: 2/89 [manticore (5)]
 15007 | D:11     | Slain by a manticore

Skill      XL: |  1  2  3  4  5  6  7  8  9 10 11 |
---------------+----------------------------------+-----
Dodging        | 3 4 5 6 7 8 10 11 | 11.2
Transmutations | 3 4 5 6 7 8 10 11 | 11.2
Fighting       | 2 3 4 5 7 8 9 |  9.3
Unarmed Combat | 4 5 6 7 8 9 |  9.9
Spellcasting   | 3 4 5 |  5.9
Invocations    | 1 2 4 5 |  5.2

Action                   |  1- 3 |  4- 6 |  7- 9 | 10-12 || total
-------------------------+-------+-------+-------+-------++-------
Melee: Unarmed           |   139 |   176 |   344 |   733 ||  1392
       Headbutt          |    18 |    22 |    21 |     7 ||    68
       Punch             |     3 |     2 |     7 |     8 ||    20
 Cast: Beastly Appendage |    28 |    22 |    13 |     7 ||    70
       Sticks to Snakes  |     2 |     3 |     9 |     1 ||    15
       Spider Form       |       |     5 |    23 |    54 ||    82
       Blade Hands       |       |       |     4 |     7 ||    11
  Use: Scroll            |       |     7 |     2 |     4 ||    13
       Potion            |       |       |     5 |     1 ||     6
 Stab: Sleeping          |       |     4 |     4 |     7 ||    15
       Distracted        |       |       |     1 |       ||     1
  Eat: Chunk             |     3 |    11 |    19 |    28 ||    61
       Ration            |       |       |     1 |       ||     1
Armor: Robe              |    52 |    49 |    29 |     8 ||   138
       Skin              |       |     1 |     2 |     5 ||     8
       Steam dragon scal |       |       |       |    13 ||    13
Dodge: Dodged            |   137 |   159 |   345 |   786 ||  1427
